 Dungeon Crawl Stone Soup version 0.28-a0-1429-gf3d713df7a (webtiles) character file.

Game seed: 10829264760641169142

3966 HallandMoats the Shield-Bearer (level 10, 0/76 HPs)
             Began as a Demonspawn Fighter on Jan 9, 2022.
             Was a Believer of Trog.
             Slain by a killer bee (3 damage)
             ... on level 8 of the Dungeon.
             The game lasted 00:08:40 (10009 turns).

HallandMoats the Shield-Bearer (DsFi)              Turns: 10009, Time: 00:08:42

Health: 0/76       AC:  8    Str: 20    XL:     10   Next: 2%
Magic:  15/15      EV: 12    Int:  9    God:    Trog [**....]
Gold:   417        SH: 11    Dex: 16    Spells: 9/9 levels left

rFire   . . .      SeeInvis .   A - +0 dagger (venom)
rCold   . . .      Faith    .   c - +0 buckler
rNeg    + . .      Spirit   .   b - +0 scale mail
rPois   .          Reflect  +   (no helmet)
rElec   .          Harm     .   (no cloak)
rCorr   .          Rampage  .   (no gloves)
Will    ++...                   s - +0 pair of boots
Stlth   +.........              o - amulet of reflection
HPRegen 1.22/turn               t - ring of positive energy
MPRegen 0.14/turn               (no ring)

@: lethally poisoned (0 -> -4), strong-willed, on berserk cooldown,
regenerating, slowed, very slow
A: claws 2, thin skeletal structure 1, foul stench 1, powered by pain 2
a: Renounce Religion, Berserk, Trog's Hand


You were on level 8 of the Dungeon.
You worshipped Trog.
Trog was pleased with you.
You visited 1 branch of the dungeon, and saw 8 of its levels.
You also visited: Ossuary.

You collected 417 gold pieces.

Inventory:

Hand Weapons
 a - a +0 war axe
 A - a +0 dagger of venom (weapon)
Armour
 b - a +0 scale mail (worn)
 c - a +0 buckler (worn)
 s - a +0 pair of boots (worn)
Jewellery
 o - an amulet of reflection (around neck)
 t - a ring of positive energy (left claw)
Wands
 y - a wand of acid (7)
Scrolls
 d - a scroll of holy word {unknown}
 e - 9 scrolls of identify {unknown}
 f - 2 scrolls of noise {unknown}
 g - 2 scrolls of enchant weapon {unknown}
 i - 2 scrolls of fog {unknown}
 k - 3 scrolls of enchant armour {unknown}
 l - 2 scrolls of silence {unknown}
 m - 3 scrolls of teleportation {unknown}
 q - a scroll of blinking {unknown}
 r - 2 scrolls of magic mapping {unknown}
 v - 3 scrolls of immolation {unknown}
 B - a scroll of brand weapon {unknown}
Potions
 h - 2 potions of resistance
 j - a potion of mutation {unknown}
 n - 7 potions of curing {unknown}
 p - 5 potions of haste {unknown}
 u - a potion of degeneration {unknown}
 w - a potion of cancellation {unknown}
 x - a potion of brilliance {unknown}
 z - a potion of invisibility {unknown}


   Skills:
 + Level 6.2 Fighting
 + Level 5.2 Axes
 + Level 5.7 Armour
 + Level 4.8 Dodging
 * Level 7.6 Shields
 + Level 7.0 Invocations


You had 9 spell levels left.
You didn't know any spells.
Your spell library contained the following spells:

 Spells                   Type           Power      Damage    Failure   Level
 Sandblast                Erth           0%         2d4       80%         1
 Passwall                 Tmut/Erth      0%         N/A       90%         2
 Static Discharge         Conj/Air       0%         N/A       90%         2
 Stone Arrow              Conj/Erth      0%         3d7       99%         3
 Airstrike                Air            0%         N/A       100%        4
 Summon Lightning Spire   Summ/Air       0%         N/A       100%        4
 Lightning Bolt           Conj/Air       0%         1d11      100%        5
 Maxwell's Capacitive Co  Air            0%         ∞         100%        8


Dungeon Overview and Level Annotations

Branches:
Dungeon (8/15)             Temple (0/1) D:5         Ossuary (visited)
   Lair: D:8-11

Altars:
Ru
Trog

Shops:
D:4 ?


Innate Abilities, Weirdness & Mutations

You have very sharp fingernails.
You have a somewhat thin skeletal structure. (Dex +2, Stealth+)
You may rarely emit foul miasma when damaged in melee.
You sometimes gain power by taking damage.


Message History

You are more poisoned.
The killer bee poisons you! The killer bee barely misses you.
The killer bee stings you but does no damage.
The killer bee stings you.
Your skin crawls.
You feel strong-willed.
You feel very sick.
The killer bee stings you but does no damage.
You block the killer bee's attack. The killer bee barely misses you. x2
You block the killer bee's attack.
The killer bee stings you but does no damage.
You closely miss the killer bee.
The killer bee is moderately wounded.
You feel very sick. You block the killer bee's attack.
The killer bee closely misses you.
The killer bee stings you but does no damage.
You block the killer bee's attack.
The killer bee stings you but does no damage.
The killer bee closely misses you.
Unknown command.
You feel very sick.
The killer bee stings you but does no damage.
The killer bee stings you.
* * * LOW HITPOINT WARNING * * *
You barely miss the killer bee.
You feel very sick.
You kill the killer bee!
Trog accepts your kill. The killer bee closely misses you.
You block the killer bee's attack. x2
The killer bee barely misses you.
The killer bee stings you but does no damage.
The killer bee misses you.
Your Invocations skill increases to level 7!
You barely miss the killer bee.
You feel sick. The killer bee stings you!
* * * LOW HITPOINT WARNING * * *
You are more poisoned.
The killer bee poisons you! The killer bee stings you.
* * * LOW HITPOINT WARNING * * *
The killer bee closely misses you. The killer bee stings you.
You die...

#.......# #.......+ #.....
#.......# +....# #.......#
##....# #.......# #.....#
#.......# #.....#
+.......# #.....#
#.......#########.....##
####+###@..........).....
......†yy.........).[....
.......#............)....
.......#.................
...!...#.................
###+###+#.................
#.....<...................
#........#+############...
#........# #........#...


You could see 2 killer bees.

Vanquished Creatures
  A two-headed ogre (D:5)
  A komodo dragon (D:7)
  2 water moccasins
  A sky beast (D:5)
  4 orc warriors
  3 black bears
  A necrophage (D:6)
  3 centaurs
  A phantom (D:5)
  A kobold brigand (D:5)
  A bullfrog (D:8)
  An elf zombie (Ossuary)
  2 scorpions
  4 killer bees (D:8)
  4 wights (D:8)
  A howler monkey (D:6)
  3 centaur zombies
  2 human zombies (Ossuary)
  2 jellies
  A gnoll shaman (D:7)
  A hound (D:7)
  8 orc priests
  A centaur skeleton (D:4)
  A bullfrog skeleton (D:5)
  3 iguanas
  6 orc wizards
  A killer bee zombie (D:6)
  2 mummies (Ossuary)
  A howler monkey zombie (D:7)
  8 gnolls
  4 adders
  2 shadow imps (D:7)
  An ufetubus (D:4)
  3 dart slugs
  22 orcs
  5 endoplasms
  5 giant cockroaches
  4 goblins
  8 hobgoblins
  12 jackals
  10 kobolds
  7 quokkas
  5 ball pythons
  2 bats
  4 frilled lizards
  A goblin zombie (Ossuary)
  7 hobgoblin zombies (Ossuary)
  A jackal zombie (Ossuary)
  8 kobold zombies (Ossuary)
  13 orc zombies (Ossuary)
  5 rats (D:1)
  2 rat zombies (Ossuary)
  A bush (D:8)
203 creatures vanquished.

Vanquished Creatures (others)
  8 plants (D:7)
8 creatures vanquished.

Grand Total: 211 creatures vanquished

Notes
Turn   | Place    | Note
-------+----------+-------------------------------------------
     0 | D:1      | HallandMoats the Demonspawn Fighter began the quest for the
                  | Orb.
     0 | D:1      | Reached XP level 1. HP: 18/18 MP: 1/1
   287 | D:1      | Gained mutation: You have sharp fingernails. [demonic
                  | ancestry]
   287 | D:1      | Reached XP level 2. HP: 15/24 MP: 2/2
   832 | D:1      | Reached skill level 1 in Invocations
   842 | D:1      | Reached XP level 3. HP: 23/29 MP: 3/3
  1548 | D:2      | Found a faded altar of an unknown god.
  1669 | D:2      | Prayed at the altar of an unknown god.
  1669 | D:2      | Became a worshipper of Trog the Wrathful
  1669 | D:2      | Reached * piety under Trog
  2171 | D:2      | Reached skill level 1 in Dodging
  2385 | D:2      | Gained mutation: You sometimes gain a little power by
                  | taking damage. [demonic ancestry]
  2385 | D:2      | Reached XP level 4. HP: 31/35 MP: 5/5
  2781 | D:3      | Noticed an orc warrior
  2799 | D:3      | Killed an orc warrior
  2800 | D:3      | Gained mutation: You may rarely emit foul miasma when
                  | damaged in melee. [demonic ancestry]
  2800 | D:3      | Reached XP level 5. HP: 41/41 MP: 6/6
  3286 | D:3      | Reached ** piety under Trog
  3481 | D:4      | Gained mutation: You have very sharp fingernails. [demonic
                  | ancestry]
  3481 | D:4      | Reached XP level 6. HP: 35/48 MP: 8/8
  3610 | D:4      | Found a sand-covered staircase.
  3614 | Ossuary  | Entered an ossuary
  4085 | Ossuary  | Gained mutation: You sometimes gain power by taking damage.
                  | [demonic ancestry]
  4085 | Ossuary  | Reached XP level 7. HP: 19/54 MP: 9/9
  4680 | D:4      | Found Raotimet's Magic Scroll Shoppe.
  4900 | D:5      | Entered Level 5 of the Dungeon
  5304 | D:5      | Reached *** piety under Trog
  5305 | D:5      | Reached skill level 5 in Shields
  5474 | D:5      | Noticed a two-headed ogre
  5500 | D:5      | Killed a two-headed ogre
  5501 | D:5      | Reached XP level 8. HP: 6/61 MP: 9/11
  5831 | D:5      | HP: 2/61 [something (6)]
  5860 | D:5      | Reached skill level 5 in Fighting
  5860 | D:5      | Reached skill level 5 in Invocations
  6423 | D:5      | Found a staircase to the Ecumenical Temple.
  7155 | D:6      | Gained mutation: You have a somewhat thin skeletal
                  | structure. (Dex +2, Stealth+) [demonic ancestry]
  7155 | D:6      | Reached XP level 9. HP: 68/68 MP: 13/13
  7612 | D:7      | Found a sacrificial altar of Ru.
  7637 | D:7      | Reached skill level 5 in Armour
  7863 | D:7      | Noticed a komodo dragon
  7910 | D:7      | Killed a komodo dragon
  8323 | D:7      | Reached skill level 5 in Axes
  9999 | D:8      | Reached XP level 10. HP: 76/76 MP: 15/15
 10009 | D:8      | HP: 3/76 [killer bee (2)]
 10009 | D:8      | Slain by a killer bee

Illustrated notes

Levels and vault maps discovered:
D:1:      lemuel_arrival_behind_the_door_large, layout_loops_cross
D:2:      layout_basic, shapermc_ecumenical_altar_pompeii, uniq_sigmund
D:3:      layout_rooms
D:4:      layout_rooms, serial_shops, nicolae_diamond_shop,
          lightli_ossuary_entry_decrepit_ruins
D:5:      layout_rooms, minmay_temple_entry_drinking_statues
D:6:      layout_basic
D:7:      layout_loops_ring, kennysheep_little_box, minmay_lizard_king
D:8:      layout_gridville, serial_shops, nicolae_shop_trees,
          kb_lookout_dungeons_type

Skill      XL: |  1  2  3  4  5  6  7  8  9 10 |
---------------+-------------------------------+-----
Shields        | 3 4 5 6 7 |  7.6
Axes           | 2 3 4 5 |  5.2
Invocations    | 1 2 3 4 5 6 7 |  7.0
Armour         | 3 4 5 |  5.7
Dodging        | 1 2 3 4 |  4.8
Fighting       | 4 5 6 |  6.2

Action                   |  1- 3 |  4- 6 |  7- 9 | 10-12 || total
-------------------------+-------+-------+-------+-------++-------
Melee: War axe           |   138 |   193 |   432 |       ||   763
       Dagger            |       |       |    13 |     9 ||    22
Invok: Berserk           |       |     1 |     9 |       ||    10
       Trog's Hand       |       |     3 |    14 |     1 ||    18
  Use: Potion            |       |     2 |     2 |       ||     4
Armor: Scale mail        |    68 |    88 |   119 |     9 ||   284
Dodge: Dodged            |    71 |   101 |   184 |     9 ||   365
Block: Buckler           |    29 |    37 |   236 |    15 ||   317
       Reflection        |       |       |     7 |       ||     7

Table legend: (Time is in decaauts)
 A = Elapsed time spent in this place.
 B = Non-inter-level travel time spent in this place.
 C = Inter-level travel time spent in this place.
 D = Time resting spent in this place.
 E = Time spent auto-exploring this place.
 F = Levels seen in this place.
 G = Mean time per level.
                   A        B        C        D        E       F      G
               +--------+--------+--------+--------+--------+-----+--------+
         Total |  10344 |  10136 |    208 |   1709 |   6689 |   9 | 1149.3 |
       Dungeon |   9547 |   9339 |    208 |   1332 |   6497 |   8 | 1193.4 |
       Ossuary |    797 |    797 |      0 |    377 |    192 |   1 |  797.0 |
               +--------+--------+--------+--------+--------+-----+--------+

Top non-repeatable levels by time:
     D:7: 1970 daAuts
     D:5: 1453 daAuts
     D:2: 1408 daAuts
     D:1: 1206 daAuts
     D:4: 1033 daAuts
     D:6: 973 daAuts
     D:3: 829 daAuts
 Ossuary: 797 daAuts
     D:8: 672 daAuts
